 Dungeon Crawl Stone Soup version 0.21.1-1-g345015f (webtiles) character file.

77 kae the Insei (level 4, 0/28 HPs)
             Began as an Octopode Transmuter on June 14, 2018.
             Slain by an adder (1 damage)
             ... on level 2 of the Dungeon.
             The game lasted 00:01:32 (1659 turns).

kae the Insei (Octopode Transmuter)                 Turns: 1659, Time: 00:01:32

Health: 0/28       AC:  1    Str:  9    XL:     4   Next: 33%
Magic:  6/7        EV: 14    Int: 15    God:
Gold:   134        SH:  0    Dex: 13    Spells: 1/7 levels left

rFire    . . .     SeeInvis .     - Unarmed
rCold    . . .     Gourm    .   (no shield)
rNeg     . . .     Faith    .   (helmet restricted)
rPois    .         Spirit   .   (no amulet)
rElec    .         Reflect  .   (no ring)
rCorr    .         Harm     .   (no ring)
MR       .....                  (no ring)
Stlth    ++........             (no ring)
HPRegen  0.09/turn              (no ring)
MPRegen  0.10/turn              (no ring)
                                (no ring)
                                (no ring)

@: appendage (expiring)
A: almost no armour, stealthy swim, amphibious, 8 rings, constrict 8, tentacle
spike 3, camouflage 1, gelatinous body 1
a: End Transformation


You were on level 2 of the Dungeon.
You were hungry.
One of your tentacles had a temporary spike.
You visited 1 branch of the dungeon, and saw 2 of its levels.

You collected 134 gold pieces.

Inventory:

Missiles
 a - 52 arrows
Scrolls
 e - a scroll of remove curse
 f - 2 scrolls of identify
 h - a scroll of fog {unknown}
Potions
 d - a potion of lignification {unknown}
 g - a potion of heal wounds
Books
 b - a book of Changes

   Spells                             Type                      Level
   a - Beastly Appendage              Transmutation                1
   b - Sticks to Snakes               Transmutation                2
   c - Spider Form                    Transmutation/Poison         3
   d - Ice Form                       Ice/Transmutation            4
   e - Blade Hands                    Transmutation                5
Comestibles
 c - 2 rations


   Skills:
 + Level 1.6 Fighting
 + Level 2.6 Dodging
 * Level 3.8 Unarmed Combat
 + Level 2.4 Spellcasting
 + Level 2.5 Transmutations


You had one spell level left.
You knew the following spells:

 Your Spells              Type           Power        Failure   Level  Hunger
a - Beastly Appendage     Tmut           #.....       8%          1    #......
b - Sticks to Snakes      Tmut           #.......     12%         2    ###....
c - Spider Form           Tmut/Pois      #.........   36%         3    ###....


Dungeon Overview and Level Annotations

Branches:
Dungeon (2/15)

Altars:
Fedhas


Innate Abilities, Weirdness & Mutations

You cannot wear most types of armour.
You are very stealthy in the water. (Stealth+)
You are amphibious.
You can wear up to eight rings at the same time.
You can use your tentacles to constrict eight enemies at once.
Your skin changes colour to match your surroundings (Stealth+).
Your rubbery body absorbs attacks. (AC +1, EV +1)
One of your tentacles bears a large vicious spike.


Message History

Your grab misses the jackal. You squeeze the jackal.
The jackal is moderately wounded.
The jackal closely misses you.
You closely miss the jackal. You grab the jackal. You squeeze the jackal.
The jackal is heavily wounded.
You constrict the jackal.
The jackal bites you but does no damage.
You tentacle-slap the jackal.
You kill the jackal!
Your transformation is almost over.
The adder bites you.
* * * LOW HITPOINT WARNING * * *
You barely miss the adder. Your grab misses the adder. You squeeze the adder!
The adder is almost dead.
The adder bites you.
* * * LOW HITPOINT WARNING * * *
You closely miss the adder. Your grab misses the adder.
The adder is almost dead.
The adder bites you.
You die...

.######..### #......# .#
#..## #......# .####
#...#######......#
....###................#
........#..#####...h...#
...............#h###.########
....######.###.#h# #.h.w.....
....+........#.#S# #.w.......
....######...#.#@# #.........
....#######..#.#.###.........
.<.........(........>........
....#######..#.#.##..........
...... .....#.#.##......?...
....## ####....#.##..........
....# #.#..#.##.. ...#
#.#..#.##.# ...# #.#..#.##.#


You could see an adder and 2 jackals.

Vanquished Creatures
  3 adders (D:2)
  3 dart slugs (D:1)
  3 giant cockroaches (D:1)
  4 goblins
  8 hobgoblins
  5 jackals
  3 kobolds
  2 ball pythons
  2 bats (D:1)
  3 frilled lizards (D:1)
  5 rats
41 creatures vanquished.

Notes
Turn   | Place    | Note
-------+----------+-------------------------------------------
     0 | D:1      | kae the Octopode Transmuter began the quest for the Orb.
     0 | D:1      | Reached XP level 1. HP: 13/13 MP: 3/3
    59 | D:1      | Reached XP level 2. HP: 15/18 MP: 3/5
   436 | D:1      | Reached XP level 3. HP: 19/23 MP: 4/6
   445 | D:1      | Learned a level 2 spell: Sticks to Snakes
   449 | D:1      | Learned a level 3 spell: Spider Form
   917 | D:2      | Reached XP level 4. HP: 10/28 MP: 5/7
  1276 | D:2      | Found a blossoming altar of Fedhas.
  1658 | D:2      | HP: 1/28 [adder (4)]
  1659 | D:2      | Slain by an adder

Action                   |  1- 3 |  4- 6 || total
-------------------------+-------+-------++-------
Melee: Unarmed           |    76 |    20 ||    96
       Constrict         |    27 |     7 ||    34
       Kick              |    11 |     1 ||    12
       Tentacles         |    10 |     5 ||    15
       Punch             |     1 |       ||     1
 Cast: Beastly Appendage |    13 |     4 ||    17
  Use: Scroll            |     4 |       ||     4
 Stab: Sleeping          |     2 |       ||     2
  Eat: Chunk             |       |     2 ||     2
Armor: Skin              |     3 |     1 ||     4
Dodge: Dodged            |    47 |    12 ||    59
